 Dungeon Crawl Stone Soup version 0.28-a0-1447-ga5a8893891 (webtiles) character file.

Game seed: 5613258918925440963

252 Zonian the Ducker (level 6, -6/40 HPs)
             Began as a Djinni Ice Elementalist on Jan 12, 2022.
             Splashed by a jelly's acid (8 damage)
             ... on level 5 of the Dungeon.
             The game lasted 00:11:06 (7236 turns).

Zonian the Ducker (Djinni Ice Elementalist)         Turns: 7236, Time: 00:11:07

Health: -6/40      AC: -2    Str:  7      XL:     6   Next: 36%
Gold:   179        EV: 14    Int: 17 (18) God:
                   SH:  0    Dex: 19

rFire   + + .      SeeInvis +   n - +6 short sword of the Unspeakable One {venom, Dex+3}
rCold   . . .      Faith    .   (no shield)
rNeg    . . .      Spirit   .   a - +0 robe
rPois   ∞          Reflect  .   (no helmet)
rElec   .          Harm     .   (no cloak)
rCorr   .          Rampage  .   (no gloves)
Will    .....                   (boots unavailable)
Stlth   +++.......              (no amulet)
HPRegen 0.13/turn               h - ring of protection from cold
MPRegen 0.00/turn               (no ring)

@: corroded, flying
A: sickness immunity, fire resistance 2, cold vulnerability 1, float, innate
caster, hp casting, extra vitality 1, see invisible, agile 1, deterioration 1
a: no special abilities


You were on level 5 of the Dungeon.
You visited 2 branches of the dungeon, and saw 6 of its levels.

You collected 179 gold pieces.

Inventory:

Hand Weapons
 b - a +0 dagger
 c - a +1 flail of draining
 e - a +0 hand axe
 n - the +6 short sword of the Unspeakable One (weapon) {venom, Dex+3}
   (You found it on level 3 of the Dungeon)

   It poisons the flesh of those it strikes.
   Dex:       It affects your dexterity (+3).
Missiles
 d - 4 boomerangs
 l - 3 poisoned darts
Armour
 a - a +0 robe (worn)
 p - the +1 scale mail of Pandemonium {rC+ Dex+3 Stlth-}
   (You found it on level 3 of the Dungeon)

   Dex:       It affects your dexterity (+3).
   rC:        It protects you from cold.
   Stlth:     It makes you less stealthy.
Magical Staves
 k - a staff of cold
Jewellery
 h - a ring of protection from cold (left hand)
 j - a ring of ice
 m - a ring of positive energy
Scrolls
 g - 2 scrolls of identify
Potions
 f - a potion of brilliance
 i - a potion of lignification


   Skills:
 + Level 4.3 Dodging
 + Level 3.4 Stealth
 + Level 4.2 Spellcasting


You couldn't memorise any spells.
You knew the following spells:

 Your Spells              Type           Power      Damage    Failure   Level
a - Freeze                Ice            68%        1d8       2%          1
b - Frozen Ramparts       Ice            34%        1d5       9%          3
c - Ozocubu's Armour      Ice            17%        N/A       9%          3
d - Hailstorm             Conj/Ice       17%        3d6       26%         4
e - Magic Dart            Conj           68%        1d6       2%          1
f - Wereblood             Tmut           17%        N/A       4%          2
Your spell library was empty.

Dungeon Overview and Level Annotations

Branches:
Dungeon (5/15)             Temple (1/1) D:4

Altars:
Cheibriados
Dithmenos
Elyvilon
Fedhas
Hepliaklqana
Kikubaaqudgha
Makhleb
Nemelex Xobeh
Okawaru
Qazlal
Sif Muna
Trog
Uskayaw
Vehumet
Wu Jian
Xom
Yredelemnul
Zin
The Shining One

Annotations:
D:2 Terence


Innate Abilities, Weirdness & Mutations

You are immune to sickness and miasma.
You are immune to poison.
Your flesh is very heat resistant. (rF++)
You are vulnerable to cold. (rC-)
You float through the air rather than walking.
You learn spells naturally, not from books.
Your magical power is your life essence.
You have superior vitality. (+4 MHP)
You have supernaturally acute eyesight. (SInv)
You are agile. (Dex +2)
Your body sometimes deteriorates upon taking damage.


Message History

Where to? (Enter - D:3 @ (x,y), ? - help)
Things that are here:
a +0 robe; a +0 club; a gnoll skeleton
There is an open door here.
There is an open door here.
There is a stone staircase leading down here.
You fly downwards.
Found 5 gold pieces.
There is a stone staircase leading up here.
Unknown command.
You now have 179 gold pieces (gained 5).
Unknown command.
Found a stone staircase leading down.
Found 4 boomerangs.
A scorpion comes into view.
A scorpion is nearby!
You see here 4 boomerangs.
d - 4 boomerangs Unknown command.
A jelly comes into view.
A jelly is nearby!
A centaur comes into view.
The centaur shouts!
The centaur wields a +0 shortbow.
The centaur shoots an arrow.
The arrow hits you!
You catch the helpless jelly completely off-guard!
You puncture the jelly! The acid corrodes you!
Your hands burn!
The jelly is severely wounded.
The centaur shoots an arrow.
The arrow hits you! The jelly completely misses you.
You are too injured to fight recklessly!
Unknown command.
Okay, then.
Okay, then.
The centaur shoots an arrow.
The arrow hits you!
* * * LOW HITPOINT WARNING * * *
The jelly hits you.
* * * LOW HITPOINT WARNING * * *
You are splashed with acid!
You die...

#.#.........#.#.#
#.#.##.####.....#
#.#.##.## .....##
#.#.....# .......
#.###...###.....# #.#
#......#....# #.#
#...##.##.#.# #.#
#......##.#.#
#....>.##.#@######.
..............J......
###.....####..#######
#.....# #.## ###....
..# ##### #..# #..#
.c.# ##...


You could see a centaur and a jelly.

Vanquished Creatures
  2 hounds (D:4)
  A gnoll shaman (D:4)
  An orc wizard (D:3)
  A hound skeleton (D:4)
  A howler monkey skeleton (D:4)
  2 adders (D:4)
  3 gnolls (D:4)
  An adder skeleton (D:4)
  2 worms (D:2)
  2 dart slugs
  5 orcs
  5 endoplasms
  3 giant cockroaches
  4 goblins
  6 hobgoblins
  2 quokkas
  4 ball pythons
  11 bats
  2 frilled lizards
  5 kobolds
  7 rats
70 creatures vanquished.

Notes
Turn   | Place    | Note
-------+----------+-------------------------------------------
     0 | D:1      | Zonian the Djinni Ice Elementalist began the quest for the
                  | Orb.
     0 | D:1      | Reached XP level 1. HP: 15/15 MP: 0/0
   209 | D:1      | Found a faded altar of an unknown god.
   403 | D:1      | Reached XP level 2. HP: 18/21 MP: 0/0
  1225 | D:2      | Reached XP level 3. HP: 24/25 MP: 0/0
  1225 | D:2      | Learned a level 1 spell: Magic Dart
  2500 | D:2      | Noticed Terence
  3210 | D:3      | Found a sparkling altar of Nemelex Xobeh.
  3307 | D:3      | Identified the +6 short sword of the Unspeakable One
                  | {venom, Dex+3}
  3484 | D:3      | Reached XP level 4. HP: 31/31 MP: 0/0
  3613 | D:3      | Identified the +1 scale mail of Pandemonium {rC+ Dex+3
                  | Stlth-}
  3642 | D:3      | Gained mutation: Your body sometimes deteriorates upon
                  | taking damage. [potion of mutation]
  3642 | D:3      | Gained mutation: You have supernaturally acute eyesight.
                  | (SInv) [potion of mutation]
  3642 | D:3      | Gained mutation: You are agile. (Dex +2) [potion of
                  | mutation]
  4268 | D:3      | Found a burning altar of Makhleb.
  4268 | D:3      | Found a white marble altar of Elyvilon.
  4537 | D:4      | Reached XP level 5. HP: 16/35 MP: 0/0
  4537 | D:4      | Learned a level 2 spell: Wereblood
  5586 | D:4      | Found a staircase to the Ecumenical Temple.
  5608 | Temple   | Entered the Ecumenical Temple
  6061 | D:4      | Reached XP level 6. HP: 5/40 MP: 0/0
  7197 | D:5      | Entered Level 5 of the Dungeon
  7236 | D:5      | HP: 2/40 [jelly (2)]
  7236 | D:5      | Splashed by a jelly's acid

Illustrated notes

Levels and vault maps discovered:
D:1:      dpeg_arrival_subterranean_lakeside_camping, layout_basic,
          shapermc_ecumenical_altar_mp_highgroup, minmay_close_crescents
D:2:      layout_loops_ring, uniq_terence, uniq_crazy_yiuf_cottage
D:3:      layout_loops_ring, amethyst_overflow_temple_binary,
          mainiacjoe_overflow_paths
D:4:      layout_basic, minmay_temple_entry_waves
D:5:      layout_loops_ring, minmay_holes, kennysheep_generic_room_12, uniq_ijyb
Temple:   nicolae_temple_x_marks_the_god

Skill      XL: |  1  2  3  4  5 |
---------------+----------------+-----
Stealth        | 2 3 |  3.4
Dodging        | 3 4 |  4.3
Spellcasting   | 4 |  4.2

Action                   |  1- 3 |  4- 6 || total
-------------------------+-------+-------++-------
Melee: Short sword       |    11 |    72 ||    83
       Dagger            |     3 |       ||     3
       Unarmed           |     1 |       ||     1
       Punch             |       |     1 ||     1
 Cast: Freeze            |    59 |     4 ||    63
  Use: Scroll            |       |     7 ||     7
       Potion            |       |     5 ||     5
 Stab: Sleeping          |     2 |     5 ||     7
       Invisible         |       |     3 ||     3
       Distracted        |       |     1 ||     1
Armor: Robe              |    13 |     7 ||    20
       Skin              |       |     9 ||     9
Dodge: Dodged            |    34 |    48 ||    82

Table legend: (Time is in decaauts)
 A = Elapsed time spent in this place.
 B = Non-inter-level travel time spent in this place.
 C = Inter-level travel time spent in this place.
 D = Time resting spent in this place.
 E = Time spent auto-exploring this place.
 F = Levels seen in this place.
 G = Mean time per level.
                   A        B        C        D        E       F      G
               +--------+--------+--------+--------+--------+-----+--------+
         Total |   7245 |   7099 |    146 |   3665 |   2425 |   6 | 1207.5 |
       Dungeon |   6863 |   6717 |    146 |   3349 |   2425 |   5 | 1372.6 |
        Temple |    382 |    382 |      0 |    316 |      0 |   1 |  382.0 |
               +--------+--------+--------+--------+--------+-----+--------+

Top non-repeatable levels by time:
     D:3: 2717 daAuts
     D:1: 1493 daAuts
     D:4: 1438 daAuts
     D:2: 1174 daAuts
  Temple: 382 daAuts
     D:5: 38 daAuts
